 Dungeon Crawl Stone Soup version 0.18-a0-1203-gbde16db (webtiles) character file.

968 Leszczynek the Basher (level 7, 0/55 HPs)
             Began as a Green Draconian Gladiator on Feb 1, 2016.
             Was an Initiate of Makhleb.
             Slain by a basilisk (6 damage)
             ... on level 3 of the Abyss.
             The game lasted 00:21:31 (6097 turns).

Leszczynek the Basher (Green Draconian Gladiator)   Turns: 6097, Time: 00:21:31

Health: 0/55       AC: 12    Str: 17    XL:     7   Next: 93%
Magic:  7/7        EV:  2    Int:  8    God:    Makhleb [......]
Gold:   208        SH:  0    Dex: 14    Spells: 0 memorised, 6 levels left

rFire  . . .     SeeInvis .     a - +0 great mace
rCold  . . .     Gourm    .     (armour unavailable)
rNeg   + + +     Faith    .     (shield currently unavailable)
rPois  ∞         Spirit   .     b - +1 hat
rElec  .         Dismiss  .     G - +1 cloak
rCorr  .         Reflect  .     y - +2 pair of gloves
SustAt .         Harm     .     (no boots)
MR     .....                    (no amulet)
Stlth  ++........               w - ring of stealth
                                (no ring)

@: petrified, not resistant to hostile enchantments, unstealthy
A: breathe noxious fumes, unfitting armour, poison resistance, cold-blooded, AC
+6
a: Breathe Noxious Fumes, Renounce Religion


You were on level 3 of the Abyss.
You worshipped Makhleb.
Makhleb was noncommittal.
You were not hungry.

You visited 2 branches of the dungeon, and saw 8 of its levels.
You visited the Abyss 1 time.

You collected 292 gold pieces.
You spent 84 gold pieces at shops.

Inventory:

Hand Weapons
 a - a +0 great mace (weapon)
Missiles
 c - 3 throwing nets (quivered)
 k - 244 stones
 l - 112 arrows
 m - 3 tomahawks
Armour
 b - a +1 hat (worn)
 y - a +2 pair of gloves (worn)
 G - a +1 cloak (worn)
Jewellery
 j - an uncursed ring of ice
 w - a ring of stealth (right hand)
 E - a cursed ring of loudness {unknown}
Scrolls
 e - a scroll of remove curse
 g - a scroll of amnesia
 n - a scroll of fear
 p - a scroll of teleportation
 s - a scroll of holy word
 v - a scroll of enchant armour
 B - 4 scrolls of identify
 C - a scroll of enchant weapon
 F - 2 scrolls of recharging {unknown}
 I - a scroll of torment {unknown}
Potions
 h - 2 potions of curing
 i - a potion of might
 r - a potion of resistance {unknown}
 t - a potion of agility {unknown}
 u - 2 potions of brilliance
 x - a potion of invisibility
 z - a potion of flight {unknown}
 A - a potion of mutation {unknown}
 D - a potion of haste {unknown}
 H - a potion of poison {unknown}
Comestibles
 d - 5 bread rations
 f - a meat ration


   Skills:
 - Level 2.1 Fighting
 + Level 9.6 Maces & Flails
 - Level 1.7 Throwing
 - Level 2.6 Dodging


You had 6 spell levels left.
You didn't know any spells.

Dungeon Overview and Level Annotations

Branches:
Dungeon (7/15)             Temple (1/1) D:7

Altars:
Ashenzari
Cheibriados
Dithmenos
Elyvilon
Fedhas
Kikubaaqudgha
Makhleb
Nemelex Xobeh
Okawaru
Pakellas
Ru
Sif Muna
Xom
Yredelemnul
Zin
The Shining One

Shops:
D:4 (   D:5 !

Annotations:
D:5 Sigmund
D:7 Joseph


Innate Abilities, Weirdness & Mutations

You can breathe blasts of noxious fumes.
Your lurid green scales are hard (AC +6).
Your body does not fit into most forms of armour.
Your system is resistant to poisons.
You are cold-blooded and may be slowed by cold attacks.


Message History

Unknown command.
Unknown command.
Unknown command.
Unknown command.
You hit the basilisk.
The basilisk is lightly wounded.
The basilisk gazes at you.
You are slowing down.
The basilisk bites you!
* * * LOW HITPOINT WARNING * * *
You thump the basilisk!
The basilisk is moderately wounded.
The basilisk bites you but does no damage.
You have turned to stone.
The basilisk bites you but does no damage. x2
The basilisk bites you!
* * * LOW HITPOINT WARNING * * *
The basilisk bites you but does no damage.
The basilisk bites you!
You die...

#. #. #
..#####
...#...
....##
#...#
#...#
##.###
#@l#
###..#
.# #


You could see a basilisk.

Vanquished Creatures
  Edmund (D:5)
  An ogre (D:4)
  A phantom (D:3)
  A centaur (D:6)
  2 crimson imps
  A centaur zombie (D:6)
  Crazy Yiuf (D:6)
  3 hounds
  2 jellies (D:6)
  3 orc wizards (D:4)
  2 iguanas
  A worker ant (D:4)
  A worker ant zombie (D:6)
  5 adders
  A shadow imp (D:5)
  4 worms
  5 giant geckos
  14 orcs
  A ball python (D:2)
  5 giant cockroaches
  8 goblins
  6 hobgoblins
  2 quokkas
  2 bats
  7 giant newts
  8 kobolds
  A quokka zombie (D:6)
  9 rats
98 creatures vanquished.

Vanquished Creatures (others)
  12 starspawn tentacles (Abyss:3)
  107 starspawn tentacle segments (Abyss:3)
119 creatures vanquished.

Grand Total: 217 creatures vanquished

Notes
Turn   | Place    | Note
--------------------------------------------------------------
     0 | D:1      | Leszczynek the Draconian Gladiator began the quest for the Orb.
     0 | D:1      | Reached XP level 1. HP: 17/17 MP: 1/1
   445 | D:1      | Reached XP level 2. HP: 24/24 MP: 2/2
  1043 | D:1      | Reached skill level 4 in Maces & Flails
  1262 | D:2      | Reached XP level 3. HP: 27/29 MP: 3/3
  2094 | D:2      | Found a shimmering altar of Xom.
  2193 | D:3      | Found a glowing golden altar of the Shining One.
  2441 | D:3      | Reached XP level 4. HP: 36/36 MP: 4/4
  2456 | D:3      | Reached skill level 5 in Maces & Flails
  3069 | D:4      | Noticed an ogre
  3095 | D:4      | Killed an ogre
  3095 | D:4      | Reached skill level 6 in Maces & Flails
  3095 | D:4      | Reached XP level 5. HP: 31/41 MP: 5/5
  3198 | D:4      | Found Gihi's Weapon Shoppe.
  3206 | D:4      | >bow of krishna
  3206 | D:4      | >great mace for less than 100 gold
  3206 | D:4      | i guess that's it for playing with shields
  3206 | D:4      | Bought a +0 great mace for 84 gold pieces
  3389 | D:4      | Noticed a phantom
  3419 | D:3      | Killed a phantom
  3419 | D:3      | Reached XP level 6. HP: 37/48 MP: 6/6
  3502 | D:4      | Reached skill level 7 in Maces & Flails
  3913 | D:5      | Entered Level 5 of the Dungeon
  3917 | D:5      | Noticed Sigmund
  3973 | D:5      | Found Arhel's Distillery.
  4103 | D:5      | Found a blossoming altar of Fedhas.
  4142 | D:5      | Noticed Edmund
  4151 | D:5      | Killed Edmund
  4151 | D:5      | Reached skill level 8 in Maces & Flails
  4151 | D:5      | Reached XP level 7. HP: 29/55 MP: 7/7
  4151 | D:5      | Your scales start taking on a lurid green colour.
  4151 | D:5      | Gained mutation: Your system is resistant to poisons. [Green Draconian growth]
  4152 | D:5      | green huh
  4152 | D:5      | is this good or bad?
  4156 | D:5      | free meph cloud huh
  4156 | D:5      | i'll take it, thanks
  4861 | D:6      | Found an oddly glowing altar of Pakellas.
  4882 | D:6      | Found a deep blue altar of Sif Muna.
  4957 | D:6      | Reached skill level 9 in Maces & Flails
  5513 | D:6      | Noticed Crazy Yiuf
  5690 | D:6      | Killed Crazy Yiuf
  5787 | D:7      | Found a staircase to the Ecumenical Temple.
  5795 | Temple   | Entered the Ecumenical Temple
  5865 | Temple   | Became a worshipper of Makhleb the Destroyer
  5914 | D:7      | Noticed Joseph
  5929 | D:7      | Cast into level 2 of the Abyss (Joseph)
  5930 | Abyss:2  | i see
  5930 | Abyss:2  | as if having joseph on d:7 wasn't retarded enough
  5930 | Abyss:2  | on the very first hit too
  5930 | Abyss:2  | well, i guess i'll just have to roll a new draconian
  5948 | Abyss:2  | Found an ancient bone altar of Kikubaaqudgha.
  5952 | Abyss:2  | unless i find lugonu, but then i'll die do makhleb's wrath
  5965 | Abyss:2  | Noticed a spatial maelstrom
  5965 | Abyss:2  | Noticed a spatial vortex
  5966 | Abyss:2  | Noticed a spatial vortex
  5970 | Abyss:3  | >
  5970 | Abyss:3  | >>>>>>>>>
  5970 | Abyss:3  | NICE THANKS
  5970 | Abyss:3  | i also can go deeper
  5971 | Abyss:3  | Noticed a large abomination
  5980 | Abyss:3  | Noticed a tentacled starspawn
  5981 | Abyss:3  | and another gateway deeper
  6018 | Abyss:3  | Noticed a bone dragon
  6023 | Abyss:3  | Noticed a rakshasa
  6027 | Abyss:3  | Noticed a rakshasa
  6029 | Abyss:3  | Noticed a thorn hunter
  6078 | Abyss:3  | Noticed a basilisk
  6097 | Abyss:3  | Slain by a basilisk

Vault maps used:
D:1:      lightli_iron_boxes, roderic_serpentine_path, minivault_5, hex_large,
          minivault_23, minmay_vboxes
D:2:      lemuel_doored_altar, serial_forest, infiniplex_forest_corner_1,
          infiniplex_forest_clump_double, infiniplex_forest_lined_1,
          infiniplex_forest_end_1, infiniplex_forest_straight_4,
          infiniplex_forest_end_1, infiniplex_forest_3_way,
          minmay_misc_feat_five, fountainhead
D:3:      lemuel_round_altar
D:4:      first_bread, serial_shops, shop, roderic_filled_cross
D:5:      kennysheep_mini, serial_shops, shop, uniq_edmund, uniq_sigmund
D:6:      lemuel_round_altar, minmay_strange_pillars, grunt_pakellas_basics,
          uniq_crazy_yiuf_cottage
D:7:      kennysheep_little_box, minmay_temple_entry_trees, uniq_joseph
Temple:   circular_temple_12
Abyss:2:  minivault_22

Action                   |  1- 3 |  4- 6 |  7- 9 || total
-------------------------+-------+-------+-------++-------
Melee: Flail             |   182 |    68 |       ||   250
       Great mace        |       |    44 |    67 ||   111
 Abil: Breathe Noxious F |       |       |     1 ||     1
  Use: Scroll            |       |    11 |     3 ||    14
       Potion            |       |     3 |     2 ||     5
 Stab: Sleeping          |     1 |     4 |     5 ||    10
       Invisible         |       |     1 |       ||     1
       Distracted        |       |     1 |       ||     1
       Confused          |       |       |     1 ||     1
  Eat: Chunk             |     5 |     6 |     5 ||    16
       Beef jerky        |       |       |     1 ||     1
